 Dungeon Crawl Stone Soup version 0.18.1-48-g4cf74bf (webtiles) character file.

1930 gloryseeker the Summoner (level 8, -3/52 HPs)
             Began as a Mummy Summoner on Aug 26, 2016.
             Was a Priest of Sif Muna.
             Slain by an orc warrior
             ... wielding a +0 morningstar
              (28 damage)
             ... on level 5 of the Dungeon.
             The game lasted 00:28:44 (7762 turns).

gloryseeker the Summoner (Mummy Summoner)           Turns: 7762, Time: 00:28:44

Health: -3/52      AC:  6    Str: 12    XL:     8   Next: 97%
Magic:  5/14       EV: 12    Int: 16    God:    Sif Muna [***...]
Gold:   69         SH:  0    Dex: 12    Spells: 4 memorised, 5 levels left

rFire  + . .     SeeInvis .     h - +5 mace (drain)
rCold  + + .     Gourm    .     x - +1 robe {rC+ rF+}
rNeg   + + +     Faith    .     (no shield)
rPois  ∞         Spirit   .     (no helmet)
rElec  .         Dismiss  .     q - +0 cloak {rPois}
rCorr  .         Reflect  .     w - +0 pair of gloves
SustAt .         Harm     .     j - +0 pair of boots
MR     +....                    (no amulet)
Stlth  ++........               d - ring of protection from fire
                                g - ring of flight

@: somewhat resistant to hostile enchantments, unstealthy
A: no food or potions, fire vulnerability, cold resistance 1, negative energy
resistance 3, torment resistance, unbreathing
a: Channel Energy, Renounce Religion, Evoke Flight


You were on level 5 of the Dungeon.
You worshipped Sif Muna.
Sif Muna was most pleased with you.
You were not hungry.

You visited 1 branch of the dungeon, and saw 6 of its levels.

You collected 200 gold pieces.
You spent 131 gold pieces at shops.

Inventory:

Hand Weapons
 h - a +5 mace of draining (weapon)
Armour
 j - a +0 pair of boots (worn)
 q - a +0 cloak of poison resistance (worn)
 w - a +0 pair of gloves (worn)
 x - a +1 robe of resistance (worn)
Jewellery
 d - a ring of protection from fire (right hand)
 g - a ring of flight (left hand)
Wands
 u - a wand of polymorph (11/24)
Scrolls
 e - a scroll of enchant weapon
 i - a scroll of amnesia
 k - 2 scrolls of recharging
 l - a scroll of immolation
 m - a scroll of enchant armour
 n - a scroll of fear {unknown}
 o - a scroll of blinking {unknown}
 p - 4 scrolls of remove curse
 r - 5 scrolls of teleportation
 s - a scroll of fog {unknown}
 t - a scroll of magic mapping {unknown}
Books
 b - a book of Callings

   Spells                             Type                      Level
   a - Summon Small Mammal            Summoning                    1
   b - Call Imp                       Summoning                    2
   c - Call Canine Familiar           Summoning                    3
   d - Summon Guardian Golem          Hexes/Summoning              3
   e - Summon Lightning Spire         Summoning/Air                4
   f - Summon Ice Beast               Ice/Summoning                4
 c - a book of Party Tricks

   Spells                             Type                      Level
   a - Summon Butterflies             Summoning                    1
   b - Apportation                    Translocation                1
   c - Tukima's Dance                 Hexes                        3
   d - Alistair's Intoxication        Transmutation/Poison         5
   e - Invisibility                   Hexes                        6
 f - a book of Dreams

   Spells                             Type                      Level
   a - Ensorcelled Hibernation        Hexes/Ice                    2
   b - Silence                        Hexes/Air                    5
   c - Darkness                       Hexes                        6
   d - Shadow Creatures               Summoning                    6


   Skills:
 - Level 1.5 Dodging
 - Level 1.5 Stealth
 + Level 4.3 Spellcasting
 - Level 8.0 Summonings
 - Level 5.3 Ice Magic


You had 5 spell levels left.
You knew the following spells:

 Your Spells              Type           Power        Failure   Level  Hunger
a - Summon Small Mammal   Summ           ####         1%          1    N/A
b - Call Imp              Summ           ####....     1%          2    N/A
c - Call Canine Familiar  Summ           ####....     1%          3    N/A
d - Summon Ice Beast      Ice/Summ       ###.....     12%         4    N/A

Dungeon Overview and Level Annotations

Branches:
Dungeon (6/15)             Temple (0/1) D:4

Altars:
Nemelex Xobeh
Okawaru
Pakellas
Qazlal
Sif Muna
Trog
Vehumet

Shops:
D:6 [*?


Innate Abilities, Weirdness & Mutations

You do not eat or drink.
Your flesh is vulnerable to fire.
You are immune to poison.
Your flesh is cold resistant.
You are immune to negative energy.
You are immune to unholy pain and torment.
You can survive without breathing.


Message History

The jackal closely misses you.
The orc warrior hits you with a morningstar!
Your hound bites the orc warrior.
Your hound barely misses the orc warrior.
The jackal barely misses you. 2 jackals come into view.
Casting: Summon Ice Beast
Confirm with . or Enter, or press ? or * to list all spells.
A chill wind blows around you.
Your hound misses the orc warrior.
The jackal bites you but does no damage.
Something closely misses your hound.
Your hound bites the orc warrior.
Something bites your hound. The jackal barely misses you.
Your ice beast hits the jackal.
Your ice beast freezes the jackal!
The jackal dies!
Your ice beast hits the orc warrior but does no damage.
Something barely misses your hound.
Your ice beast closely misses the orc warrior.
The orc warrior hits you with a morningstar!!
Ouch! That really hurt!
You die...

###### ##...........#
#.... #....#
#............# #....
#....# #..[[#####'###
#.... ##..##
#....##.....## #.... #'##
#............# #....
##..# ##...........#
#.... #...##
##...........# #....
#....# #.<..........#
#.... #....#
#....@oY.....# #....
#....# #...)##h....##
#.... #....#
#....##.....## #....
#....# #.....h.Y....#
#.... #...>#
#............# #)...
#....# #............#
#.... #####...#
#............# #(...
....#..######...........#
#....
....#.>##..##...........#
#....


You could see an orc warrior, a friendly ice beast and a friendly hound.

Vanquished Creatures
  An ice beast (D:5)
  A centaur (D:5)
  2 giant frogs (D:6)
  3 scorpions (D:4)
  2 howler monkeys
  A crimson imp (D:5)
  2 hounds
  A centaur skeleton (D:5)
  4 orc wizards
  Crazy Yiuf (D:3)
  3 orc priests
  3 iguanas
  Jessica (D:3)
  2 giant frog skeletons
  2 worker ants
  2 hound skeletons
  14 adders
  2 oozes
  2 worms (D:2)
  A dart slug (D:4)
  A giant gecko (D:3)
  14 orcs
  A ball python (D:4)
  6 bats
  3 giant cockroaches
  4 goblins
  8 hobgoblins
  7 jackals
  3 quokkas
  A giant cockroach zombie (D:5)
  A giant gecko skeleton (D:4)
  A giant gecko zombie (D:5)
  2 giant newts
  7 kobolds
  12 rats
121 creatures vanquished.

Vanquished Creatures (collateral kills)
  The ghost of baljet the Spear-Bearer, a novice MfIE of Okawaru (D:5)
  Prince Ribbit (D:6)
  A water moccasin (D:6)
  A black bear (D:6)
  An ogre (D:6)
  A giant frog (D:5)
  A scorpion (D:6)
  A hound (D:6)
  An orc priest (D:4)
  2 orc wizards (D:4)
  A giant frog skeleton (D:5)
  An adder (D:2)
  A shadow imp (D:6)
  3 orcs
  5 jackals
22 creatures vanquished.

Grand Total: 143 creatures vanquished

Notes
Turn   | Place    | Note
--------------------------------------------------------------
     0 | D:1      | gloryseeker the Mummy Summoner began the quest for the Orb.
     0 | D:1      | Reached XP level 1. HP: 13/13 MP: 3/3
   521 | D:1      | Reached XP level 2. HP: 18/19 MP: 5/5
   532 | D:1      | Learned a level 2 spell: Call Imp
   608 | D:1      | Found an iron altar of Okawaru.
   843 | D:1      | Reached skill level 4 in Summonings
  1133 | D:2      | Reached XP level 3. HP: 19/24 MP: 6/6
  1823 | D:2      | Reached XP level 4. HP: 30/30 MP: 7/7
  1942 | D:2      | Learned a level 3 spell: Call Canine Familiar
  2056 | D:2      | Found a deep blue altar of Sif Muna.
  2064 | D:2      | Became a worshipper of Sif Muna the Loreminder
  2232 | D:3      | Reached skill level 5 in Summonings
  2492 | D:3      | Reached XP level 5. HP: 35/35 MP: 8/8
  2530 | D:3      | Found a radiant altar of Vehumet.
  2623 | D:3      | Noticed Jessica
  2632 | D:3      | Killed Jessica
  2705 | D:3      | Noticed Crazy Yiuf
  2713 | D:3      | Killed Crazy Yiuf
  2925 | D:4      | Reached skill level 6 in Summonings
  3083 | D:4      | Reached XP level 6. HP: 38/41 MP: 9/9
  3481 | D:4      | Found a staircase to the Ecumenical Temple.
  3572 | D:4      | Reached * piety under Sif Muna
  3740 | D:4      | Reached skill level 7 in Summonings
  3740 | D:4      | Reached XP level 7. HP: 46/46 MP: 10/10
  4239 | D:5      | Entered Level 5 of the Dungeon
  4376 | D:5      | Found a bloodstained altar of Trog.
  4753 | D:5      | Reached skill level 8 in Summonings
  4820 | D:5      | Learned a level 4 spell: Summon Ice Beast
  4873 | D:5      | Noticed baljet's ghost (novice MfIE)
  4917 | D:5      | Reached skill level 1 in Ice Magic
  5035 | D:5      | Reached ** piety under Sif Muna
  5445 | D:4      | Reached XP level 8. HP: 18/52 MP: 7/11
  5712 | D:5      | Killed baljet's ghost
  6248 | D:5      | Found a stormy altar of Qazlal.
  6422 | D:5      | Found an oddly glowing altar of Pakellas.
  6424 | D:5      | Found a sparkling altar of Nemelex Xobeh.
  6463 | D:6      | Found Raas's Antique Armour Shoppe.
  6463 | D:6      | Noticed Prince Ribbit
  6566 | D:6      | Found Tegi's Magic Scroll Boutique.
  6571 | D:6      | Bought a scroll of identify for 26 gold pieces
  6571 | D:6      | Bought a scroll of teleportation for 39 gold pieces
  6762 | D:6      | Reached *** piety under Sif Muna
  6762 | D:6      | Reached skill level 5 in Ice Magic
  7090 | D:6      | Killed Prince Ribbit
  7515 | D:6      | Found Idex's Assorted Antiques.
  7521 | D:6      | Bought a scroll of identify for 46 gold pieces
  7581 | D:6      | Bought an embroidered robe for 20 gold pieces
  7762 | D:5      | Slain by an orc warrior

Skill      XL: |  1  2  3  4  5  6  7  8 |
---------------+-------------------------+-----
Summonings     | 4 5 6 7 8 |  8.0
Ice Magic      | 2 5 |  5.3
Spellcasting   | 4 |  4.3
Dodging        | |  1.5
Stealth        | |  1.5

Action                   |  1- 3 |  4- 6 |  7- 9 || total
-------------------------+-------+-------+-------++-------
Melee: Dagger            |    40 |       |       ||    40
       Unarmed           |     9 |       |       ||     9
       Mace              |    52 |   120 |   173 ||   345
 Cast: Summon Small Mamm |     4 |       |       ||     4
       Call Imp          |     2 |     1 |     6 ||     9
       Call Canine Famil |       |     7 |    19 ||    26
       Summon Ice Beast  |       |       |    15 ||    15
  Use: Scroll            |     1 |       |     7 ||     8
 Stab: Sleeping          |     1 |     8 |     3 ||    12
       Distracted        |       |       |     1 ||     1
Armor: Robe              |    18 |    27 |    49 ||    94
Dodge: Dodged            |    68 |    75 |   134 ||   277
